 Dungeon Crawl Stone Soup version 0.25-a0-1118-g1a081956a1 (webtiles) character file.

Game seed: 405030733989595310, levelgen mode: deterministic

14862 Zarvinstril the Geomancer (level 12, -5/69 HPs)
             Began as a Gargoyle Earth Elementalist on May 17, 2020.
             Was a High Priest of Vehumet.
             Splashed by a caustic shrike (glowing shapeshifter)'s acid (7 damage)
             ... on level 13 of the Dungeon.
             The game lasted 00:27:29 (14768 turns).

Zarvinstril the Geomancer (GrEE)                   Turns: 14768, Time: 00:27:33

Health: -5/69      AC: 21    Str: 19    XL:     12   Next: 21%
Magic:  24/24      EV: 13    Int: 20    God:    Vehumet [*****.]
Gold:   388        SH:  0    Dex: 10    Spells: 3/27 levels left

rFire    . . .     SeeInvis .   c - +3 morningstar (drain)
rCold    + . .     Gourm    .   (no shield)
rNeg     + . .     Faith    .   P - +2 robe {MR+}
rPois    ∞         Spirit   .   e - +1 hat
rElec    +         Reflect  .   E - +1 cloak
rCorr    .         Harm     .   i - +2 pair of gloves
MR       +....                  s - +0 pair of boots
Stlth    ++........             (no amulet)
HPRegen  0.21/turn              M - +4 ring of protection
MPRegen  0.19/turn              G - +6 ring of strength

@: corroded, studying Staves
A: cold resistance 1, negative energy resistance 1, sense surroundings 1,
electricity resistance, unbreathing, petrification resistance, rot immunity, AC
+8
a: Renounce Religion


You were on level 13 of the Dungeon.
You worshipped Vehumet.
Vehumet was extremely pleased with you.
You were not hungry.

You visited 1 branch of the dungeon, and saw 13 of its levels.
You also visited: Sewer.

You collected 789 gold pieces.
You spent 401 gold pieces at shops.

Inventory:

Hand Weapons
 c - a +3 morningstar of draining (weapon)
 w - a +0 morningstar of protection
Missiles
 b - 189 stones (quivered)
Armour
 e - a +1 hat (worn)
 f - a scarf of repulsion
 i - a +2 pair of gloves (worn)
 s - a +0 pair of boots (worn)
 E - a +1 cloak (worn)
 P - a +2 robe of magic resistance (worn)
Magical Staves
 z - an uncursed staff of cold
Jewellery
 t - an uncursed ring of protection from fire
 u - an uncursed ring of protection from magic
 v - an uncursed ring of see invisible
 G - a +6 ring of strength (right hand)
 M - a +4 ring of protection (left hand)
 N - an uncursed ring of protection from fire
Wands
 p - a wand of flame (30)
 y - a wand of acid (14)
 D - a wand of paralysis (16)
 O - a wand of iceblast (16)
Scrolls
 h - 6 scrolls of teleportation
 l - a scroll of remove curse
 A - 2 scrolls of amnesia
 C - 7 scrolls of magic mapping
 F - 4 scrolls of identify
 H - 3 scrolls of summoning
 J - a scroll of blinking
 K - 2 scrolls of immolation
Potions
 a - 5 potions of might
 g - 2 potions of berserk rage
 j - a potion of heal wounds
 k - a potion of cancellation
 m - 2 potions of stabbing
 n - 5 potions of curing
 o - 3 potions of flight
 q - a potion of invisibility
 r - a potion of mutation
 x - a potion of lignification
 I - 2 potions of brilliance
Books
 B - a manual of Staves
Comestibles
 d - 29 rations


   Skills:
 + Level 5.9 Fighting
 + Level 5.3 Maces & Flails
 + Level 5.9 Armour
 + Level 4.7 Dodging
 - Level 2.1 Stealth
 + Level 8.3 Spellcasting
 + Level 8.4 Conjurations
 - Level 0.7 Transmutations
 * Level 3.8 Fire Magic
 + Level 11.0 Earth Magic
 + Level 4.9 Evocations


You had 3 spell levels left.
You knew the following spells:

 Your Spells              Type           Power        Failure   Level  Hunger
a - Sandblast             Erth           ######       1%          1    None
b - Stone Arrow           Conj/Erth      #####.       1%          3    None
c - Lee's Rapid Deconstr  Erth           ######....   1%          5    #####..
d - Passwall              Tmut/Erth      ####....     1%          2    None
e - Fireball              Conj/Fire      ####......   5%          5    #####..
f - Irradiate             Conj/Tmut      ####......   10%         5    #####..
g - Dazzling Flash        Conj/Hex       ####..       1%          3    None

Your spell library contained the following spells:

 Spells                   Type           Power        Failure   Level  Hunger
 Conjure Ball Lightning   Conj/Air       ####......   47%         6    ######.
 Foxfire                  Conj/Fire      ####         1%          1    None
 Magic Dart               Conj           ####         1%          1    None
 Shock                    Conj/Air       ####         1%          1    None
 Searing Ray              Conj           #####.       1%          2    None
 Conjure Flame            Conj/Fire      ####....     1%          3    None
 Static Discharge         Conj/Air       ####....     1%          3    None
 Inner Flame              Hex/Fire       ###.....     3%          3    None
 Corpse Rot               Necr/Air       N/A          12%         2    None
 Swiftness                Chrm/Air       #.......     12%         2    None
 Sticky Flame             Conj/Fire      ####....     1%          4    ###....
 Fulminant Prism          Conj/Hex       ####......   4%          4    ###....
 Iskenderun's Mystic Bla  Conj/Tloc      ####....     4%          4    ###....
 Petrify                  Tmut/Erth      ####....     8%          4    ###....
 Lightning Bolt           Conj/Air       ####......   11%         5    #####..
 Airstrike                Air            #.........   21%         4    ###....
 Summon Forest            Summ/Tloc      #.........   92%         5    #####..
 Eringya's Noxious Bog    Tmut/Pois      #.........   100%        6    ######.
 Hydra Form               Tmut           ##........   100%        6    ######.
 Summon Hydra             Summ           #.........   100%        7    #######


Dungeon Overview and Level Annotations

Branches:
Dungeon (13/15)            Temple (0/1) D:7            Lair (0/6) D:10
    Orc (0/2) D:9           Sewer (visited)
 Vaults: D:13-14

Altars:
Cheibriados
Elyvilon
Gozag
Hepliaklqana
Qazlal
Sif Muna
Trog
Uskayaw
Vehumet
Wu Jian
Xom
Zin

Shops:
D:5 =   D:7 [   D:8 ?   D:9 [(


Innate Abilities, Weirdness & Mutations

You are resistant to torment.
Your stone body is resilient. (AC +8)
You are immune to poison.
You resist negative energy. (rN+)
You are resistant to electric shocks. (rElec)
You can survive without breathing.
You are immune to petrification.
You are immune to rotting.
Your flesh is cold resistant. (rC+)
You passively map a small area around you.


Message History

You closely miss the scorpion.
The scorpion is severely wounded.
A caustic shrike comes into view.
The scorpion closely misses you.
You closely miss the scorpion.
The scorpion is severely wounded.
The scorpion closely misses you.
The caustic shrike screeches!
You hit the scorpion. You drain the scorpion.
You kill the scorpion!
Vehumet accepts your kill. The caustic shrike misses you.
The caustic shrike claws you!!
You are splashed with acid!
You miss the caustic shrike.
The caustic shrike claws you but does no damage.
The caustic shrike claws you! The acid corrodes you!
You are splashed with acid!
The caustic shrike claws you!!
* * * LOW HITPOINT WARNING * * *
The acid corrodes you!
You are splashed with acid!
You die...

* , , ##### * , ,
..... ,...., ,,, , ,
#..# *, #..# ,* , ,
#†.# *, , , #. #<.#
##
##..####@.####).., ,
........b........
,......)..........,
,
###..####..#####..#*
,* #. #..# #..# #..#
# * #..# #.># #..# ,
#..# #..# #..# #..#
#..# #..# #..# #..#
#..#


You could see a caustic shrike.

Vanquished Creatures
  A two-headed ogre (D:12)
  An unseen horror (D:11)
  Pikel (D:9)
  2 ugly things (D:11)
  2 manticores
  Maurice (D:8)
  A gargoyle (D:13)
  2 trolls (D:12)
  A harpy skeleton (D:12)
  3 hippogriffs
  5 slime creatures
  A spriggan (D:8)
  Sigmund (D:5)
  A wyvern (D:9)
  A wraith (D:12)
  A vampire (D:9)
  3 yaks (D:10)
  2 vampire mosquitoes (D:13)
  Grum (D:8)
  2 hungry ghosts
  An acid dragon (D:11)
  An orc warrior (D:11)
  4 sky beasts
  2 hornet zombies (D:12)
  2 black bears (D:7)
  2 necrophages (D:11)
  2 phantoms
  3 wolves (D:8)
  6 ogres
  7 centaurs
  3 big kobolds
  A crocodile (D:10)
  5 bullfrogs
  Blork the orc (D:5)
  3 wyvern skeletons
  3 scorpions
  5 killer bees (D:9)
  An electric eel (D:8)
  23 wights
  6 howler monkeys
  3 crimson imps
  2 bullfrog zombies
  A quasit (D:8)
  8 orc priests
  5 hounds
  4 jellies
  9 orc wizards
  3 centaur skeletons
  An iguana (D:11)
  5 bullfrog skeletons
  4 worker ants
  A mummy (D:11)
  2 worker ant zombies
  4 gnolls (D:3)
  15 adders
  3 shadow imps
  An adder zombie (D:7)
  An adder skeleton (D:7)
  3 dart slugs
  2 leopard geckos
  44 orcs
  13 giant cockroaches
  5 goblins
  6 hobgoblins
  13 jackals
  15 kobolds
  5 quokkas
  A ball python (D:5)
  4 bats
  2 frilled lizards
  A jackal zombie (D:5)
  2 leopard gecko skeletons
  A leopard gecko zombie (D:4)
  2 quokka skeletons
  A quokka zombie (D:9)
  12 rats
318 creatures vanquished.

Vanquished Creatures (others)
  A slave (D:9)
  A worker ant (D:9)
  2 orcs (D:9)
4 creatures vanquished.

Grand Total: 322 creatures vanquished

Notes
Turn   | Place    | Note
-------+----------+-------------------------------------------
     0 | D:1      | Zarvinstril the Gargoyle Earth Elementalist began the quest
                  | for the Orb.
     0 | D:1      | Reached XP level 1. HP: 10/10 MP: 3/3
   134 | D:1      | Reached XP level 2. HP: 7/15 MP: 3/5
   340 | D:1      | Reached skill level 4 in Earth Magic
  1014 | D:1      | Reached XP level 3. HP: 19/19 MP: 6/6
  1019 | D:1      | Learned a level 3 spell: Stone Arrow
  1116 | D:2      | Found a snail-covered altar of Cheibriados.
  1741 | D:2      | Reached XP level 4. HP: 22/24 MP: 6/8
  1938 | D:3      | Reached skill level 5 in Earth Magic
  2081 | D:3      | Reached XP level 5. HP: 28/28 MP: 7/10
  2088 | D:3      | Learned a level 5 spell: Lee's Rapid Deconstruction
  2490 | D:3      | Found a radiant altar of Vehumet.
  2502 | D:3      | Became a worshipper of Vehumet
  2754 | D:3      | Found a stormy altar of Qazlal.
  3137 | D:4      | Found an ornate altar of the Wu Jian Council.
  3315 | D:4      | Found a glowing drain.
  3332 | D:4      | Reached skill level 6 in Earth Magic
  3332 | D:4      | Reached XP level 6. HP: 19/32 MP: 6/12
  3373 | Sewer    | Entered a sewer
  3387 | Sewer    | Reached * piety under Vehumet
  3387 | Sewer    | Offered knowledge of Freeze by Vehumet.
  3779 | Sewer    | Found a white marble altar of Elyvilon.
  4232 | D:4      | Reached XP level 7. HP: 36/36 MP: 14/14
  4266 | D:4      | Reached skill level 5 in Spellcasting
  4266 | D:4      | Reached skill level 7 in Earth Magic
  4863 | D:5      | Entered Level 5 of the Dungeon
  4866 | D:5      | Found a white marble altar of Elyvilon.
  4878 | D:5      | Learned a level 2 spell: Passwall
  4988 | D:5      | Found a hazy altar of Hepliaklqana.
  5048 | D:5      | Noticed Blork the orc
  5059 | D:5      | Killed Blork the orc
  5059 | D:5      | Reached skill level 8 in Earth Magic
  5175 | D:5      | Offered knowledge of Shock by Vehumet.
  5283 | D:5      | Reached XP level 8. HP: 33/41 MP: 14/16
  5369 | D:5      | Reached ** piety under Vehumet
  5386 | D:5      | Found Wikywk's Jewellery Boutique.
  5424 | D:5      | Noticed Sigmund
  5430 | D:5      | Killed Sigmund
  5534 | D:5      | Reached skill level 9 in Earth Magic
  5675 | D:5      | Reached skill level 1 in Conjurations
  6103 | D:6      | Gained mutation: Your flesh is cold resistant. (rC+)
                  | [potion of mutation]
  6103 | D:6      | Gained mutation: You passively map a small area around you.
                  | [potion of mutation]
  6412 | D:6      | Found a shimmering blue altar of Sif Muna.
  7180 | D:7      | Found a bloodstained altar of Trog.
  7185 | D:7      | Reached skill level 5 in Conjurations
  7267 | D:7      | Reached XP level 9. HP: 43/45 MP: 15/18
  7467 | D:7      | Reached skill level 1 in Maces & Flails
  7585 | D:7      | Found a hide-covered altar of Uskayaw.
  7624 | D:7      | Found a staircase to the Ecumenical Temple.
  7629 | D:7      | Offered knowledge of Ignite Poison by Vehumet.
  7629 | D:7      | Reached skill level 1 in Armour
  7632 | D:7      | Reached skill level 1 in Fighting
  7633 | D:7      | Found an opulent altar of Gozag.
  7765 | D:7      | Found Udaph's Armour Shop.
  8019 | D:8      | Reached skill level 1 in Evocations
  8052 | D:8      | Found Plog's Magic Scroll Shop.
  8064 | D:8      | Bought a scroll of blinking for 97 gold pieces
  8064 | D:8      | Bought a scroll of identify for 26 gold pieces
  8064 | D:8      | Bought 3 scrolls of magic mapping for 136 gold pieces
  8064 | D:8      | Bought a scroll of identify for 26 gold pieces
  8064 | D:8      | Bought a scroll of magic mapping for 45 gold pieces
  8064 | D:8      | Bought a scroll of identify for 26 gold pieces
  8064 | D:8      | Bought a scroll of immolation for 45 gold pieces
  8262 | D:8      | Reached *** piety under Vehumet
  8685 | D:8      | Noticed Maurice
  8697 | D:8      | Killed Maurice
  9218 | D:8      | Noticed Grum
  9231 | D:8      | Killed Grum
  9231 | D:8      | Reached XP level 10. HP: 41/55 MP: 11/20
  9843 | D:9      | Offered knowledge of Airstrike by Vehumet.
 10099 | D:9      | Learned a level 5 spell: Fireball
 10105 | D:9      | Found a glowing silver altar of Zin.
 10214 | D:9      | Noticed Pikel
 10227 | D:9      | Killed Pikel
 10227 | D:9      | Reached skill level 10 in Earth Magic
 10269 | D:9      | Found Inemor's Weapon Emporium.
 10269 | D:9      | Found a staircase to the Orcish Mines.
 10269 | D:9      | Found Bamamn's Armour Emporium.
 10567 | D:9      | Found a shimmering altar of Xom.
 10592 | D:10     | Entered Level 10 of the Dungeon
 11017 | D:10     | Reached **** piety under Vehumet
 11023 | D:10     | Got a bloodstained buckler
 11024 | D:10     | Identified the +4 buckler of the Ward {-Cast +Blink +Fly
                  | rN+++} (You found it on level 10 of the Dungeon)
 11194 | D:10     | Offered knowledge of Irradiate by Vehumet.
 11194 | D:10     | Reached XP level 11. HP: 62/62 MP: 19/22
 11295 | D:10     | Found a staircase to the Lair.
 11707 | D:11     | Killed an unseen horror
 11907 | D:11     | Learned a level 5 spell: Irradiate
 11918 | D:11     | Learned a level 3 spell: Dazzling Flash
 12272 | D:11     | Noticed a cyan ugly thing
 12272 | D:11     | Noticed a white ugly thing
 12288 | D:11     | Killed a purple ugly thing
 12296 | D:11     | Killed a white ugly thing
 12296 | D:11     | Reached skill level 5 in Fighting
 12296 | D:11     | Reached skill level 5 in Armour
 12315 | D:11     | Reached ***** piety under Vehumet
 12441 | D:11     | Offered knowledge of Conjure Ball Lightning by Vehumet.
 12554 | D:11     | Noticed a manticore
 12563 | D:11     | Killed a manticore
 12563 | D:11     | Reached skill level 1 in Fire Magic
 13236 | D:12     | Noticed a manticore
 13242 | D:12     | Killed a manticore
 13372 | D:12     | Noticed a two-headed ogre
 13377 | D:12     | Killed a two-headed ogre
 13408 | D:12     | Reached skill level 5 in Maces & Flails
 14094 | D:12     | Reached XP level 12. HP: 67/69 MP: 24/24
 14629 | D:13     | Reached skill level 11 in Earth Magic
 14764 | D:13     | Noticed a caustic shrike
 14768 | D:13     | HP: 2/69 [caustic shrike (glowing shapeshifter) (19)]
 14768 | D:13     | Splashed by a caustic shrike (glowing shapeshifter)'s acid

Illustrated notes

Levels and vault maps discovered:
D:1:      mrwooster_arrival_arrow, layout_loops_ring, minmay_tromino_i4
D:2:      layout_basic, kennysheep_slug_shrine
D:3:      layout_rooms, vehumet_crystals, grunt_qazlal_clouds
D:4:      layout_basic, lemuel_coloured_pillars_altar, gup_sewer_entry_glass
D:5:      layout_loops_ring, marbit_many_paths, nicolae_overflow_hidden_temple,
          serial_shops, shop, first_ration, uniq_blork_the_orc, uniq_sigmund
D:6:      layout_cave_pods, lemuel_blue_sif_altar
D:7:      layout_loops_ring, lemuel_crystal_altar, trog_ov_bears_minmay,
          lemuel_round_altar, minmay_temple_entry_crystal_x, serial_shops,
          kennysheep_little_box, minmay_manual_mail
D:8:      layout_basic, serial_shops, shop, the_bakery, kennysheep_small_spiral,
          uniq_grum, uniq_maurice
D:9:      layout_rooms, kennysheep_mini, xom_teletrap_fun, orc_david_3,
          uniq_pikel
D:10:     layout_irregular_city, lair_entry_dummy
D:11:     layout_cave_pods, serial_undead, serial_undead_d, serial_undead_b,
          serial_undead_c, serial_undead_d, serial_undead_c
D:12:     kennysheep_ambush_hall, layout_gridville
D:13:     layout_small_grid, david_vaults_2, grunt_ministairs_14, abandoned_shop

Skill      XL: |  1  2  3  4  5  6  7  8  9 10 11 12 |
---------------+-------------------------------------+-----
Earth Magic    | 4 5 6 8 9 10 11 | 11.0
Spellcasting   | 3 4 5 6 7 8 |  8.3
Conjurations   | 5 6 7 8 |  8.4
Maces & Flails | 2 4 5 |  5.3
Armour         | 2 4 5 |  5.9
Fighting       | 2 4 5 |  5.9
Dodging        | 2 3 4 |  4.7
Evocations     | 2 3 4 |  4.9
Fire Magic     | 3 |  3.8
Stealth        | |  2.1
Transmutations | |  0.7

Action                   |  1- 3 |  4- 6 |  7- 9 | 10-12 || total
-------------------------+-------+-------+-------+-------++-------
Melee: Dagger            |   100 |    50 |       |       ||   150
       Unarmed           |     1 |       |       |       ||     1
       Flail             |       |   105 |    67 |       ||   172
       Morningstar       |       |       |    96 |   243 ||   339
 Cast: Sandblast         |    18 |    43 |    96 |   234 ||   391
       Passwall          |       |       |     2 |       ||     2
       Stone Arrow       |       |       |     5 |     1 ||     6
       Lee's Rapid Decon |       |       |     3 |    15 ||    18
       Fireball          |       |       |       |     2 ||     2
       Dazzling Flash    |       |       |       |     2 ||     2
       Irradiate         |       |       |       |     1 ||     1
Evoke: Wand              |       |       |     1 |     5 ||     6
  Use: Scroll            |       |    12 |    12 |     5 ||    29
       Potion            |       |       |     1 |       ||     1
 Stab: Sleeping          |     4 |     2 |     6 |     1 ||    13
       Distracted        |       |       |     1 |       ||     1
  Eat: Chunk             |     3 |     8 |    15 |    21 ||    47
       Ration            |       |       |     1 |       ||     1
Armor: Robe              |    42 |    91 |   110 |   264 ||   507
Dodge: Dodged            |    68 |   166 |   188 |   395 ||   817
       Repelled          |       |     2 |     5 |       ||     7

Table legend:
 A = Non-vault XP
 B = Vault XP
 C = Vault XP percentage of total XP
 D = Non-vault monster count
 E = Vault monster count
 F = Vault count percentage of total count
                 A         B        C        D         E       F
            +---------+---------+-------+---------+---------+-------
      Total |   15454 |    5778 |  27.2 |     263 |      55 |  17.3
            +---------+---------+-------+---------+---------+-------
        D:1 |      30 |       5 |  14.3 |      17 |       2 |  10.5
        D:2 |      63 |       4 |   6.0 |      16 |       1 |   5.9
        D:3 |     161 |       0 |   0.0 |      20 |       0 |   0.0
        D:4 |     493 |      32 |   6.1 |      25 |       5 |  16.7
        D:5 |     517 |     309 |  37.4 |      14 |       2 |  12.5
        D:6 |     200 |       0 |   0.0 |      10 |       0 |   0.0
        D:7 |     780 |     285 |  26.8 |      14 |       4 |  22.2
        D:8 |    1071 |    1206 |  53.0 |      23 |       6 |  20.7
        D:9 |    1614 |     678 |  29.6 |      27 |       6 |  18.2
       D:10 |    2220 |       0 |   0.0 |      28 |       0 |   0.0
       D:11 |    4371 |     441 |   9.2 |      39 |       6 |  13.3
       D:12 |    1847 |    2170 |  54.0 |      14 |       8 |  36.4
       D:13 |    2087 |     533 |  20.3 |      16 |       5 |  23.8
      Sewer |       0 |     115 | 100.0 |       0 |      10 | 100.0
            +---------+---------+-------+---------+---------+-------
